 Dungeon Crawl Stone Soup version 0.14.2 (webtiles) character file.

4311 4thArraOfDagon the Grappler (level 10, 0/83 HPs)
             Began as a Troll Healer on Aug 3, 2016.
             Was a Believer of the Shining One.
             Slain by a troll (10 damage)
             ... on Level 11 of the Dungeon.
             The game lasted 00:21:24 (3045 turns).

4thArraOfDagon the Grappler (Troll Healer)          Turns: 3045, Time: 00:21:24

HP   0/83        AC  6     Str 24      XL: 10   Next:  1%
MP   7/7         EV  9     Int 10 (11) God: the Shining One [**....]
Gold 377         SH  0     Dex  9      Spells:  0 memorised,  9 levels left

rFire  x . .     SeeInvis .       - Unarmed
rCold  + . .     Rnd*Rage +     a - +1 robe (curse)
rNeg   + . .     Conserve .     (shield restricted)
rPois  .         rCorr    .     (helmet restricted)
rElec  .         rRot     .     (no cloak)
SustAb . .       Spirit   .     (gloves unavailable)
rMut   .         Warding  .     (boots unavailable)
Gourm  +         Stasis   .     (no amulet)
MR     .....                    (no ring)
                                w - ring of ice

@: lethally poisoned, slowed, glowing, very slow, not resistant to hostile
enchantments, very unstealthy
A: unfitting armour, claws 3, camouflage 1, berserk 1, deterioration 1, fast
metabolism 3, gourmand, regeneration 2, saprovore 2, shaggy fur 1, strong 1,
tough skin 2, wild magic 1
a: Divine Shield, Renounce Religion


You were on level 11 of the Dungeon.
You worshipped the Shining One.
The Shining One was pleased with you.
You were full.

You visited 3 branches of the dungeon, and saw 13 of its levels.
You also visited: Ossuary.

You collected 377 gold pieces.

Inventory:

Missiles
 e - a throwing net
 j - 10 large rocks (quivered)
Armour
 a - a cursed +1 robe (worn)
Magical devices
 r - a wand of fire (1)
 B - a wand of digging (13)
Comestibles
 d - 4 meat rations
 g - 4 bread rations
 q - a royal jelly
Scrolls
 f - a scroll of holy word
 l - a scroll of enchant weapon I {unknown}
 m - a scroll of enchant weapon III {unknown}
 n - a scroll of magic mapping
 p - 2 scrolls of noise
 t - a scroll of fear {unknown}
 u - 2 scrolls of remove curse
 y - a scroll of random uselessness {unknown}
 A - 2 scrolls of teleportation
Jewellery
 w - a ring of ice (left claw)
Potions
 b - 7 potions of curing
 c - 2 potions of heal wounds
 h - a potion of flight {unknown}
 o - a potion of brilliance
 s - a potion of porridge
 v - a potion of agility {unknown}
 z - a potion of haste
Miscellaneous
 i - a plain deck of defence


   Skills:
 - Level 0.7 Fighting
 - Level 1.5 Dodging
 * Level 13.8 Unarmed Combat
 - Level 2.4 Invocations


You had 9 spell levels left.
You didn't know any spells.

Dungeon Overview and Level Annotations

Branches:
Dungeon (11/15)            Temple (1/1) D:4            Lair (1/8) D:10
    Orc: D:9-12

Altars:
Cheibriados
Dithmenos
Elyvilon
Fedhas
Kikubaaqudgha
Makhleb
Nemelex Xobeh
Okawaru
Sif Muna
Trog
Yredelemnul
The Shining One

Shops:
D:6 =


Innate Abilities, Weirdness & Mutations

You are too large for most types of armour.
You have claws for hands.
Your metabolism is lightning-fast.
You like to eat raw meat.
You heal very quickly.
You can eat rotten meat.
You are covered in fur (AC +1).
You have very tough skin (AC +2).
Your skin changes colour to match your surroundings (Stlth).
You tend to lose your temper in combat.
Your body is slowly deteriorating.
Your muscles are strong. (Str +2)
Your spells are a little harder to cast, but a little more powerful.


Message History

The tree burns like a torch!
This wand has 2 charges left.
You feel sick. The troll bites you.
* * * LOW HITPOINT WARNING * * *
The troll barely misses you. The troll claws you.
* * * LOW HITPOINT WARNING * * *
Unknown command.
Unknown command.
Evoke which item? (* to show all) (? for menu, Esc to quit)
Zapping:
r - a wand of fire (2)
Press: ? - help, Shift-Dir - straight line, f/p - troll
Aim: a troll (severely wounded, haloed)
The bolt of fire misses the troll.
The bolt of fire hits the plant.
The plant is severely damaged.
The tree burns like a torch!
This wand has 1 charge left.
The troll completely misses you. The troll barely misses you.
The troll claws you but does no damage. The troll bites you but does no damage.
The troll claws you!
* * * LOW HITPOINT WARNING * * *
The troll claws you!
You die...

, ,,****,*,,,,,[♣♣*,,,*******+*,,
,,,**,,,*,*,.♣P♣.♣♣.., ,,,,,,,,,,
,,**,,**,*,♣..♣♣♣.....,,,,,,,,,,,
,,,,**,* *P..♣.♣.♣...#***+*,,,,,,
,,,,*,,,,....P♣..♣...#,,,,*,,,,,
,,,*,,*,♣♣..♣.♣......#,,,,+,,,,,,
,,,,,,,,♣..♣.♣.......#,,,,*,,,,,,
*,,,,,,*,*♣♣..P......####**,,,, ,
,*,,,,,,,,§§.P.T@........,,,,,,,,
* ,,,,,*♣..♣♣♣.<.........,,,,,,,,
,,,,,,,............?....,,,,>,,,,
,,******####............,,,,,,,,,
,,* #.....#######,,,,,,,,, ,,*
#.....# **** **** *,* #.....# *,*
#.....# *,* #.....#


You could see a troll.

Vanquished Creatures
  The ghost of mrath the Basher, an experienced MiFi of Okawaru (D:7)
  A komodo dragon (D:10)
  A deep elf mage (D:10)
  2 hippogriffs
  The ghost of hello the Slasher, an average HEFi (D:4)
  A sky beast (D:9)
  3 orc warriors
  A yellow wasp (D:11)
  An ice beast (D:5)
  2 ogres
  A centaur (D:9)
  A big kobold (D:7)
  Blork the orc (D:4)
  3 giant frogs
  An eye of draining (D:7)
  2 gnoll sergeants
  2 killer bees
  A scorpion (D:8)
  3 centaur zombies (Ossuary)
  2 crimson imps (D:7)
  A giant frog zombie (D:5)
  A centaur skeleton (D:9)
  2 hounds (D:9)
  4 orc priests
  A jelly (D:7)
  5 orc wizards
  3 iguanas
  A worker ant (D:6)
  An ogre zombie (D:5)
  A sky beast zombie (D:5)
  4 big kobold zombies (Ossuary)
  A crocodile skeleton (D:9)
  2 worker ant zombies
  5 mummies (Ossuary)
  A hound skeleton (D:5)
  10 gnolls
  A scorpion zombie (D:5)
  3 orc zombies
  6 adders
  A gnoll skeleton (D:5)
  2 shadow imps
  A giant mite (D:6)
  2 worms
  An adder skeleton (D:5)
  A giant gecko (D:4)
  22 orcs
  6 goblins
  8 hobgoblins
  6 bats
  2 giant newts
  A giant newt zombie (D:5)
  A goblin zombie (D:5)
  5 hobgoblin zombies
  8 jackals
  A jackal zombie (D:5)
  5 kobolds
  4 quokkas
  15 rats
  A rat skeleton (D:5)
177 creatures vanquished.

Notes
Turn   | Place    | Note
--------------------------------------------------------------
     0 | D:1      | 4thArraOfDagon, the Troll Healer, began the quest for the Orb.
     0 | D:1      | Reached XP level 1. HP: 18/18 MP: 1/1
    61 | D:1      | Reached skill level 1 in Unarmed Combat
    90 | D:1      | Reached XP level 2. HP: 26/26 MP: 1/1
   250 | D:2      | Reached XP level 3. HP: 17/32 MP: 3/3
   412 | D:4      | Found a sparkling altar of Nemelex Xobeh.
   417 | D:4      | Reached skill level 3 in Unarmed Combat
   485 | D:4      | Found a staircase to the Ecumenical Temple.
   492 | Temple   | Entered the Ecumenical Temple
   522 | Temple   | Fell from the grace of Elyvilon
   522 | Temple   | Became a worshipper of the Shining One
   545 | D:4      | Noticed hello's ghost (average HEFi)
   551 | D:5      | Entered Level 5 of the Dungeon
   589 | D:5      | Noticed an ogre
   590 | D:5      | Found a sand-covered staircase.
   595 | Ossuary  | Entered an ossuary
   610 | Ossuary  | Acquired the Shining One's first power
   618 | Ossuary  | Reached XP level 4. HP: 28/40 MP: 3/3
   623 | Ossuary  | Reached skill level 4 in Unarmed Combat
   662 | Ossuary  | Reached XP level 5. HP: 27/46 MP: 3/3
   679 | Ossuary  | Reached skill level 5 in Unarmed Combat
   752 | Ossuary  | Reached skill level 6 in Unarmed Combat
   752 | Ossuary  | Reached XP level 6. HP: 39/54 MP: 5/5
   769 | D:5      | Killed an ogre
   821 | D:5      | Noticed an ice beast
   831 | D:5      | Killed an ice beast
   831 | D:5      | Reached skill level 7 in Unarmed Combat
   910 | D:6      | Found Hetaev's Jewellery Shoppe.
   941 | D:6      | Found a deep blue altar of Sif Muna.
  1025 | D:7      | Acquired the Shining One's second power
  1049 | D:7      | Reached XP level 7. HP: 41/61 MP: 5/5
  1107 | D:7      | Noticed a gargoyle
  1109 | D:7      | Gained mutation: Your spells are a little harder to cast, but a little more powerful. [potion of mutation]
  1109 | D:7      | Gained mutation: Your muscles are strong. (Str +2) [potion of mutation]
  1109 | D:7      | Gained mutation: You tend to lose your temper in combat. [potion of mutation]
  1228 | D:6      | Reached skill level 8 in Unarmed Combat
  1300 | D:5      | Noticed a gnoll sergeant
  1317 | D:5      | Killed a gnoll sergeant
  1327 | D:4      | Noticed Blork the orc
  1332 | D:4      | Killed Blork the orc
  1332 | D:4      | Reached skill level 9 in Unarmed Combat
  1428 | D:4      | Killed hello's ghost
  1428 | D:4      | Reached XP level 8. HP: 68/68 MP: 5/5
  1775 | D:6      | Reached skill level 10 in Unarmed Combat
  1869 | D:7      | Noticed a hippogriff
  1874 | D:7      | Killed a hippogriff
  1977 | D:7      | Noticed mrath's ghost (experienced MiFi)
  2002 | D:7      | Killed mrath's ghost
  2002 | D:7      | Reached skill level 11 in Unarmed Combat
  2002 | D:7      | Reached XP level 9. HP: 34/75 MP: 4/7
  2097 | D:7      | Reached skill level 12 in Unarmed Combat
  2429 | D:8      | Found an ancient bone altar of Kikubaaqudgha.
  2515 | D:9      | Gained mutation: Your body is slowly deteriorating. [mutagenic meat]
  2516 | D:9      | Gained mutation: Your skin changes colour to match your surroundings (Stlth). [mutagenic meat]
  2563 | D:10     | Entered Level 10 of the Dungeon
  2628 | D:9      | Reached skill level 13 in Unarmed Combat
  2673 | D:9      | Found a basalt altar of Yredelemnul.
  2808 | D:9      | brb
  2875 | D:10     | Found a staircase to the Lair.
  2884 | Lair:1   | Entered Level 1 of the Lair of Beasts
  2985 | D:10     | HP: 1/75 [killer bee (8)]
  3039 | D:11     | Paralysed by a yellow wasp for 2 turns
  3043 | D:11     | Reached XP level 10. HP: 43/83 MP: 7/7
  3045 | D:11     | Slain by a troll

Action                   |  1- 3 |  4- 6 |  7- 9 | 10-12 || total
-------------------------+-------+-------+-------+-------++-------
Melee: Unarmed           |    90 |   102 |   283 |       ||   475
Throw: Large rock        |       |     2 |     2 |       ||     4
Invok: Divine Shield     |       |       |     1 |       ||     1
Evoke: Wand              |       |       |     7 |     3 ||    10
  Use: Scroll            |     3 |       |     7 |       ||    10
       Potion            |       |     1 |     5 |       ||     6
